 Dungeon Crawl Stone Soup version 0.29.1-4-g47bece8355 (webtiles) character file.

Game seed: 6672039163217281967

1713 venomsnake the Trooper (level 8, -2/73 HPs)
             Began as a Minotaur Berserker on Dec 10, 2022.
             Was a High Priest of Trog.
             Slain by a gnoll sergeant
             ... wielding a +0 spear
              (6 damage)
             ... on level 6 of the Dungeon.
             The game lasted 00:15:13 (5929 turns).

venomsnake the Trooper (Minotaur Berserker)         Turns: 5929, Time: 00:15:14

Health: -2/73      AC: 11    Str: 24    XL:     8   Next: 74%
Magic:  7/7        EV: 25    Int:  4    God:    Trog [*****.]
Gold:   234        SH:  0    Dex: 10    Spells: 7/7 levels left

rFire   + . .      SeeInvis .   y - +0 war axe
rCold   . . .      Faith    .   (no shield)
rNeg    . . .      Spirit   .   c - +0 chain mail
rPois   .          Reflect  .   (helmet restricted)
rElec   .          Harm     .   (no cloak)
rCorr   .          Rampage  .   (no gloves)
Will    .....                   a - +0 pair of boots
Stlth   ..........              w - amulet of the acrobat
HPRegen 0.22/turn               b - ring of fire
MPRegen 0.10/turn               E - ring of protection from cold

@: on berserk cooldown, acrobatic, slowed, very slow
A: horns 2, retaliatory headbutt
a: Renounce Religion, Berserk, Trog's Hand, Brothers in Arms


You were on level 6 of the Dungeon.
You worshipped Trog.
Trog was extremely pleased with you.
You visited 2 branches of the dungeon, and saw 7 of its levels.

You collected 234 gold pieces.

Inventory:

Hand Weapons
 y - a +0 war axe (weapon)
Missiles
 g - 49 stones (quivered)
 o - 2 throwing nets
 s - 4 large rocks
Armour
 a - a +0 pair of boots (worn)
 c - a +0 chain mail (worn)
Jewellery
 b - a ring of fire (left hand)
 t - a ring of fire
 w - an amulet of the acrobat (around neck)
 E - a ring of protection from cold (right hand)
Scrolls
 e - 2 scrolls of noise {unknown}
 h - a scroll of immolation {unknown}
 i - 2 scrolls of fog {unknown}
 j - 3 scrolls of poison {unknown}
 k - a scroll of fear {unknown}
 l - 4 scrolls of teleportation {unknown}
 m - 2 scrolls of torment {unknown}
 q - 2 scrolls of blinking {unknown}
 r - a scroll of magic mapping {unknown}
 u - a scroll of brand weapon {unknown}
 x - 6 scrolls of identify {unknown}
 D - a scroll of enchant weapon {unknown}
Potions
 d - a potion of ambrosia {unknown}
 f - 3 potions of curing {unknown}
 n - 3 potions of might {unknown}
 p - 2 potions of haste
 v - a potion of brilliance {unknown}
 z - a potion of resistance
 A - a potion of degeneration {unknown}
 B - a potion of mutation {unknown}
 C - 2 potions of heal wounds {unknown}
 F - a potion of cancellation {unknown}
 G - a potion of flight {unknown}


   Skills:
 + Level 7.1 Fighting
 + Level 7.0 Axes
 + Level 6.5 Armour
 + Level 5.8 Dodging
 + Level 4.3 Evocations


You had 7 spell levels left.
You didn't know any spells.
Your spell library was empty.

Dungeon Overview and Level Annotations

Branches:
Dungeon (6/15)             Temple (1/1) D:5

Altars:
Ashenzari
Cheibriados
Dithmenos
Elyvilon
Gozag
Hepliaklqana
Kikubaaqudgha
Makhleb
Nemelex Xobeh
Okawaru
Qazlal
Ru
Sif Muna
Trog
Uskayaw
Vehumet
Wu Jian
Xom
Yredelemnul
Zin
The Shining One

Shops:
D:1 (   D:4 [


Innate Abilities, Weirdness & Mutations

You have a pair of horns on your head.
You reflexively headbutt those who attack you in melee.


Message History

Trog accepts your kill. The orc misses you. You furiously retaliate!
You headbutt the orc!
You kill the orc!
Trog accepts your kill.
The gnoll sergeant hits you from afar with a +0 spear!
* * * LOW HITPOINT WARNING * * *
Your Fighting skill increases to level 7!
You barely miss the orc priest. Your headbutt misses the orc priest.
You closely miss the orc priest. The gnoll sergeant barely misses you.
You slice the orc priest!!
You kill the orc priest!
Trog accepts your kill.
The gnoll sergeant hits you from afar with a +0 spear!
* * * LOW HITPOINT WARNING * * *
The gnoll drinks a potion.
The gnoll seems to speed up.
A gnoll comes into view. It is wielding a +0 whip.
An orc comes into view. It is wielding a +0 club.
Your Axes skill increases to level 7!
You hit the orc. You headbutt the orc.
You kill the orc!
Trog accepts your kill.
The gnoll sergeant drinks a potion.
The gnoll sergeant suddenly seems more resistant.
Things that are here:
a +0 dagger; a +0 dagger; a +0 robe You feel a strong urge to attack something.
You feel your anger nearly subside.
You are no longer berserk.
You are exhausted.
You feel yourself slow down.
An orc comes into view. It is wielding a +0 club.
The orc shouts!
The gnoll throws a stone.
The stone misses you.
The gnoll throws a stone.
The stone completely misses you.
The gnoll sergeant completely misses you.
There is an open gate here.
The gnoll sergeant hits you but does no damage.
The gnoll sergeant closely misses you.
The gnoll sergeant hits you from afar with a +0 spear.
You die...

################
#......g@......#
#..###''g######..
###..g..###
##..o......##
#......o....#
##..g♣♣♣.♣♣♣...#
##...♣♣.....♣♣...
##...♣♣))###..♣♣..
##..♣♣)g## #..♣♣.


You could see a gnoll sergeant (resistant), 3 gnolls and 2 orcs.

Vanquished Creatures
  Sigmund (D:2)
  3 black bears
  An orc warrior (D:6)
  An ogre (D:5)
  A necrophage (D:5)
  A bullfrog (D:6)
  3 scorpions (D:5)
  3 hounds (D:5)
  2 jellies (D:6)
  An orc priest (D:6)
  6 iguanas
  6 orc wizards
  9 adders
  11 gnolls
  A white imp (D:5)
  A worm (D:5)
  3 dart slugs
  22 orcs
  6 ball pythons
  7 endoplasms
  A giant cockroach (D:3)
  4 goblins
  13 hobgoblins
  8 jackals
  3 quokkas
  7 bats
  2 frilled lizards (D:1)
  4 kobolds
  9 rats
140 creatures vanquished.

Vanquished Creatures (others)
  An orc wizard (D:6)
1 creature vanquished.

Grand Total: 141 creatures vanquished

Notes
Turn   | Place    | Note
-------+----------+-------------------------------------------
     0 | D:1      | venomsnake the Minotaur Berserker began the quest for the
                  | Orb.
     0 | D:1      | Reached XP level 1. HP: 19/19 MP: 0/0
   122 | D:1      | Found a faded altar of an unknown god.
   322 | D:1      | Reached XP level 2. HP: 27/27 MP: 1/1
   375 | D:1      | Found Xiucimu's Antique Weapon Shop.
   546 | D:2      | Reached ** piety under Trog
   700 | D:2      | Reached XP level 3. HP: 31/33 MP: 2/2
   792 | D:2      | Reached skill level 1 in Evocations
   801 | D:2      | Reached XP level 4. HP: 24/40 MP: 3/3
   928 | D:2      | Noticed Sigmund
   940 | D:2      | Killed Sigmund
   941 | D:2      | Reached XP level 5. HP: 39/47 MP: 4/4
  1245 | D:2      | Found a stormy altar of Qazlal.
  1621 | D:3      | Reached *** piety under Trog
  1793 | D:3      | Reached XP level 6. HP: 49/55 MP: 5/5
  1973 | D:3      | Found a glowing golden altar of the Shining One.
  2179 | D:3      | Found a sacrificial altar of Ru.
  2604 | D:4      | Reached skill level 5 in Fighting
  2615 | D:4      | Reached skill level 5 in Axes
  2837 | D:4      | Found Ythrumips's Antique Armour Shoppe.
  3072 | D:4      | Reached **** piety under Trog
  3460 | D:5      | Entered Level 5 of the Dungeon
  3486 | D:5      | Reached XP level 7. HP: 39/61 MP: 6/6
  3691 | D:5      | Found a staircase to the Ecumenical Temple.
  3714 | D:5      | Reached skill level 5 in Armour
  4208 | Temple   | Entered the Ecumenical Temple
  4529 | D:5      | Found a radiant altar of Vehumet.
  4692 | D:5      | Found a shadowy altar of Dithmenos.
  4722 | D:5      | Found a sparkling altar of Nemelex Xobeh.
  4748 | D:5      | Reached XP level 8. HP: 43/70 MP: 7/7
  5121 | D:5      | Reached skill level 5 in Dodging
  5749 | D:6      | Reached ***** piety under Trog
  5917 | D:6      | HP: 2/109 [gnoll sergeant/+0 spear (7)]
  5929 | D:6      | Slain by a gnoll sergeant

Illustrated notes

Levels and vault maps discovered:
D:1:      scummos_arrival_forest, layout_basic, shapermc_ecumenical_altar_petra,
          serial_shops, nicolae_shop_crystal
D:2:      layout_loops_ring, basic_altar, uniq_sigmund
D:3:      layout_basic, mainiacjoe_overflow_catch_the_wave
D:4:      layout_loops_ring, serial_shops, nicolae_square_shop
D:5:      layout_basic, kennysheep_mini, mainiacjoe_overflow_catwalk_spiral,
          minmay_temple_entry_slanted, cheibrodos_sewer_entry_drain,
          glass_columns_a, kennysheep_generic_room_7
D:6:      layout_rooms, nrook_campfire, kennysheep_donut, uniq_grinder
Temple:   minmay_temple_bridge_d

Skill      XL: |  1  2  3  4  5  6  7  8 |
---------------+-------------------------+-----
Fighting       | 4 5 6 7 |  7.1
Axes           | 4 5 6 7 |  7.0
Armour         | 3 4 5 6 |  6.5
Evocations     | 1 2 3 4 |  4.3
Dodging        | 3 4 5 |  5.8

Action                   |  1- 3 |  4- 6 |  7- 9 || total
-------------------------+-------+-------+-------++-------
Melee: Hand axe          |    64 |   137 |       ||   201
       Headbutt          |    11 |    21 |    31 ||    63
       War axe           |       |    15 |   150 ||   165
       Punch             |       |     1 |     1 ||     2
Throw: Stone             |     1 |       |       ||     1
Invok: Berserk           |       |       |     1 ||     1
Armor: Chain mail        |    24 |    73 |   101 ||   198
Dodge: Dodged            |    38 |    73 |    97 ||   208
